Map: Inside and Out

Players

Zain

  • Race: Protoss Protoss
  • League: Master
  • Spawn Location: 7:00

Scarlett - Winner!

  • Race: Zerg Zerg
  • Spawn Location: 1:00

Event: HomeStory Cup XXII

VOD

Have the link to the VOD?

Description

Time

  • Played on: Dec. 16, 2022, 4:12 p.m.
  • Length: 11:35

All games in this series

Show
View Real Time Build Order
Export as new Build Order

Zain Protoss 

Build Orders: 1 Gate Expand, Oracle Opening 

Get SALT Encoding   

  12  0:00  Probe  
  13  0:12  Probe  
  14  0:18  Pylon  
  14  0:24  Probe (Chrono Boost)  
  15  0:36  Gateway  
  15  0:37  Probe (Chrono Boost)  
  16  0:45  Probe (Chrono Boost)  
  16  0:46  Assimilator  
  17  0:51  Probe  
  18  1:03  Probe  
  19  1:15  Probe  
  20  1:23  Nexus  
  20  1:33  Cybernetics Core  
  20  1:36  Probe  
  21  1:43  Assimilator  
  21  1:48  Probe  
  21  1:51  Pylon  
  22  2:00  Probe  
  23  2:06  Adept (Chrono Boost)  
  23  2:12  Probe  
  26  2:19  Stargate  
  26  2:25  Probe (Chrono Boost)  
  26  2:28  Adept (Chrono Boost)  
  27  2:34  Warp Gate  
  27  2:36  Probe (Chrono Boost)  
  31  2:43  Probe (Chrono Boost)  
  31  2:45  Probe (Chrono Boost)  
  31  2:50  Probe x2 (Chrono Boost), Stalker  
  36  3:01  Probe  
  36  3:02  Probe  
  38  3:06  Pylon  
  38  3:09  Oracle (Chrono Boost)  
  41  3:13  Probe  
  41  3:15  Probe  
  43  3:25  Probe  
  45  3:27  Probe  
  45  3:35  Nexus  
  45  3:36  Pylon  
  45  3:43  Oracle (Chrono Boost)  
  46  3:51  Probe  
  46  3:52  Probe  
  48  3:59  Twilight Council  
  48  4:03  Probe  
  48  4:05  Probe  
  48  4:07  Gateway  
  48  4:08  Gateway  
  50  4:15  Probe, Pylon  
  48  4:17  Probe  
  48  4:19  Assimilator  
  48  4:23  Assimilator  
  49  4:27  Probe  
  49  4:29  Probe  
  51  4:32  Blink (Chrono Boost)  
  51  4:40  Probe (Chrono Boost)  
  51  4:43  Probe (Chrono Boost)  
  53  4:46  Pylon  
  53  4:48  Stalker  
  57  4:53  Probe (Chrono Boost)  
  57  4:57  Probe (Chrono Boost)  
  57  4:59  Probe (Chrono Boost)  
  58  5:00  Probe (Chrono Boost)  
  58  5:04  Probe (Chrono Boost)  
  58  5:06  Probe  
  58  5:07  Probe, Stalker x2  
  66  5:15  Probe  
  66  5:18  Probe  
  66  5:19  Probe  
  69  5:21  Stalker  
  69  5:23  Pylon  
  69  5:28  Probe  
  72  5:30  Nexus, Probe  
  72  5:32  Probe  
  72  5:33  Pylon  
  74  5:36  Stalker  
  74  5:37  Stalker  
  74  5:40  Probe  
  74  5:42  Probe  
  80  5:53  Gateway  
  80  5:55  Probe, Gateway  
  81  5:57  Gateway  
  81  5:59  Stalker  
  81  6:00  Stalker x2  
  81  6:03  Shield Battery  
  81  6:04  Charge (Chrono Boost), Probe  
  88  6:07  Probe x2  
  90  6:12  Forge  
  90  6:18  Probe  
  91  6:21  Probe  
  91  6:24  Gateway  
  91  6:25  Gateway  
  92  6:29  Gateway, Stalker x2  
  92  6:30  Protoss Ground Weapons Level 1 (Chrono Boost)  
  96  6:33  Pylon  
  96  6:36  Probe x2  
  96  6:38  Probe  
  99  6:48  Stalker x2  
  99  6:51  Probe  
  99  6:52  Photon Cannon, Probe  
  105  6:55  Shield Battery  
  105  6:56  Stalker x2  
  105  6:57  Oracle (Chrono Boost)  
  112  7:02  Stalker  
  112  7:03  Probe  
  112  7:04  Probe  
  112  7:05  Probe  
  112  7:06  Probe  
  118  7:15  Probe, Pylon  
  119  7:17  Pylon  
  119  7:19  Pylon  
  119  7:26  Nexus, Stalker x2  
  119  7:46  Shield Battery  
  119  7:51  Stalker x4  
  125  7:52  Zealot x5  
  125  7:53  Oracle (Chrono Boost)  
  140  8:00  Photon Cannon  
  140  8:01  Photon Cannon  
  140  8:03  Photon Cannon  
  140  8:05  Shield Battery  
  140  8:07  Shield Battery  
  140  8:08  Pylon  
  140  8:20  Zealot  
  140  8:21  Zealot x3  
  140  8:24  Pylon  
  148  8:30  Robotics Facility  
  148  8:32  Protoss Ground Weapons Level 2 (Chrono Boost)  
  148  8:33  Pylon  
  144  8:42  Robotics Facility  
  144  8:44  Stalker x9  
  162  8:49  Pylon  
  162  8:50  Probe x2  
  162  8:52  Probe  
  161  8:56  Assimilator, Pylon  
  159  9:04  Gateway  
  159  9:05  Gateway  
  159  9:07  Gateway  
  157  9:10  Zealot x5  
  157  9:11  Zealot x4  
  173  9:18  Observer (Chrono Boost)  
  173  9:21  Robotics Bay  
  174  9:34  Zealot x2  
  174  9:35  Zealot x3  
  184  9:45  Zealot x4  
  184  9:51  Immortal x2  
  190  10:05  Probe x3  
  193  10:09  Assimilator  
  187  10:29  Disruptor x2  
  177  10:43  Stalker x10  
  177  10:44  Stalker  
  197  10:56  Zealot  
  146  11:04  Zealot  
  146  11:06  Zealot x4  
  146  11:07  Zealot x3  
  146  11:08  Zealot x3  
  135  11:18  Zealot x7  
  126  11:19  Zealot x2  
  112  11:32  Pylon  
Show
View Real Time Build Order
Export as new Build Order

Scarlett Zerg - Winner!

Build Orders: Hatch First, Roach Hydra 

Get SALT Encoding   

  12  0:00  Drone  
  13  0:12  Overlord  
  13  0:17  Drone  
  14  0:30  Drone x2  
  16  0:47  Hatchery  
  15  0:51  Drone  
  15  0:55  Drone  
  17  0:57  Drone  
  18  1:09  Extractor  
  17  1:13  Spawning Pool  
  17  1:16  Drone  
  17  1:19  Drone  
  18  1:27  Drone  
  19  1:39  Drone  
  20  1:51  Drone  
  21  1:59  Queen x2  
  21  2:00  Zergling x2, Overlord  
  26  2:11  Drone x2  
  26  2:12  Metabolic Boost  
  28  2:21  Drone  
  28  2:22  Drone  
  30  2:34  Hatchery  
  29  2:39  Queen  
  32  2:44  Zergling x2  
  32  2:46  Drone  
  32  2:47  Overlord  
  33  2:54  Zergling x4  
  35  2:59  Zergling x2  
  36  3:05  Overlord  
  36  3:08  Drone x3  
  39  3:14  Queen  
  41  3:21  Overlord  
  41  3:22  Drone x2  
  43  3:29  Queen  
  45  3:37  Spore Crawler  
  45  3:40  Drone x5  
  48  3:45  Drone  
  48  3:49  Drone x3  
  48  3:54  Queen  
  53  3:59  Drone x2  
  55  4:03  Overlord  
  55  4:10  Drone x5  
  55  4:16  Queen  
  61  4:19  Overlord  
  61  4:24  Drone x4  
  65  4:28  Drone  
  65  4:29  Drone x2  
  67  4:36  Overlord  
  67  4:41  Lair  
  67  4:43  Roach Warren  
  65  4:46  Drone x6  
  65  4:49  Extractor x2  
  69  4:54  Drone x5  
  69  4:57  Overlord  
  74  5:00  Overlord  
  74  5:06  Drone x4  
  78  5:09  Spore Crawler  
  78  5:12  Spore Crawler  
  76  5:15  Drone, Evolution Chamber  
  76  5:21  Drone x6, Extractor x2  
  80  5:29  Drone x7  
  80  5:34  Extractor  
  86  5:38  Hatchery  
  85  5:45  Glial Reconstitution  
  85  5:46  Zerg Missile Weapons Level 1  
  85  5:47  Overlord  
  85  5:50  Roach x3  
  85  5:53  Roach x6  
  85  5:56  Overlord  
  103  6:04  Overlord x4  
  103  6:12  Overlord x4  
  103  6:16  Roach  
  105  6:18  Roach  
  105  6:21  Roach x3  
  105  6:23  Roach  
  105  6:24  Roach  
  105  6:25  Overseer  
  117  6:27  Roach x2  
  121  6:34  Roach x4  
  121  6:36  Roach  
  131  6:40  Infestation Pit  
  131  6:41  Hydralisk Den  
  131  6:46  Drone x3  
  132  6:57  Drone x7  
  139  7:05  Overlord x6  
  139  7:07  Evolution Chamber  
  138  7:10  Drone  
  139  7:18  Grooved Spines, Hydralisk x4  
  147  7:23  Hive  
  147  7:29  Hydralisk x4  
  155  7:49  Drone x15  
  155  7:50  Zerg Missile Weapons Level 2, Extractor  
  169  7:51  Zerg Ground Armor Level 1  
  169  7:52  Extractor  
  169  7:57  Hydralisk x3  
  174  8:01  Hydralisk x2  
  174  8:04  Spine Crawler  
  177  8:11  Hatchery  
  176  8:14  Hydralisk x3  
  176  8:18  Drone  
  183  8:21  Hydralisk x3  
  187  8:28  Hydralisk x3  
  187  8:29  Muscular Augments  
  187  8:31  Hatchery  
  190  8:40  Hydralisk x6  
  200  8:50  Spine Crawler  
  200  8:54  Spine Crawler  
  194  8:56  Spine Crawler  
  194  8:57  Drone  
  194  8:58  Drone x3, Spine Crawler  
  194  8:59  Spine Crawler  
  194  9:01  Spine Crawler  
  192  9:03  Hydralisk x4  
  192  9:04  Spore Crawler  
  195  9:24  Hydralisk  
  195  9:25  Hydralisk  
  195  9:39  Hydralisk x3  
  195  9:41  Drone x3  
  193  9:59  Hydralisk x3  
  194  10:15  Hydralisk x4  
  198  10:22  Drone x2  
  198  10:23  Drone  
  198  10:25  Drone  
  197  10:29  Hydralisk x2  
  193  10:35  Hydralisk  
  193  10:36  Hydralisk x3  
  193  10:38  Hatchery  
  193  10:39  Hydralisk  
  198  10:45  Hydralisk  
  198  10:49  Hydralisk  
  170  10:58  Hydralisk x16  
  170  10:59  Hydralisk  
  170  11:03  Hydralisk  
  186  11:08  Hydralisk x3  
Tags
 
Add a new tag
Caveats
  • Supply blocks, unpowered buildings, or Contaminate may cause inaccurate times.
  • Supply counts are checked every 10 seconds.